Map: Ulrena

Players

Fiend

  • Race: Terran Terran
  • League: Platinum

Desynapsor - Winner!

  • Race: Terran Terran
  • League: Platinum

VOD

Have the link to the VOD?

Description

Time

  • Played on: March 27, 2016, 3:11 p.m.
  • Length: 25:03
Show
View Real Time Build Order
Export as new Build Order

Fiend Terran 

Build Orders:  

Get SALT Encoding   

  12  0:00  SCV  
  13  0:12  SCV  
  14  0:17  Supply Depot  
  14  0:25  SCV  
  15  0:30  Refinery  
  15  0:39  SCV  
  16  0:45  Barracks  
  16  0:51  SCV  
  18  1:04  SCV  
  18  1:21  SCV  
  19  1:33  Reaper, SCV  
  21  1:42  Command Center  
  21  1:51  Orbital Command  
  21  2:10  Barracks Reactor  
  21  2:15  Factory  
  21  2:18  Supply Depot  
  21  2:21  Refinery  
  20  2:45  SCV  
  20  2:46  Marine x2  
  23  2:58  Starport  
  23  3:01  Factory Tech Lab  
  23  3:03  Orbital Command  
  23  3:06  SCV  
  23  3:11  Marine x2  
  26  3:19  SCV, Barracks  
  27  3:24  Siege Tank  
  30  3:31  SCV x2  
  32  3:35  Marine  
  32  3:37  Marine  
  34  3:43  SCV  
  34  3:44  Medivac  
  34  3:47  SCV  
  38  3:54  Supply Depot  
  38  3:55  SCV  
  39  3:58  Marine x2  
  39  4:01  Widow Mine  
  43  4:03  SCV  
  43  4:07  Barracks Tech Lab  
  43  4:08  SCV  
  45  4:12  Engineering Bay  
  45  4:15  SCV  
  46  4:17  Marine  
  46  4:19  Marine  
  46  4:24  Supply Depot  
  48  4:25  SCV  
  48  4:26  Marine  
  50  4:34  Siege Tank  
  53  4:45  Marine x2, Viking  
  55  4:46  Marine  
  55  4:50  Supply Depot  
  55  4:52  SCV, Supply Depot  
  59  4:58  Missile Turret  
  59  5:04  SCV, Missile Turret  
  59  5:05  SCV  
  61  5:08  Missile Turret  
  61  5:13  Missile Turret  
  61  5:16  SCV  
  62  5:22  Marine x3  
  65  5:30  SCV x2, Supply Depot  
  65  5:31  Supply Depot  
  67  5:42  Marine x3  
  70  5:49  Siege Tank  
  73  5:51  Starport Reactor  
  73  5:56  Starport  
  73  6:00  Marine x3, Sensor Tower  
  76  6:13  Barracks  
  76  6:15  Barracks  
  76  6:17  Marine  
  76  6:18  Marine  
  78  6:19  Terran Infantry Weapons Level 1  
  78  6:22  Engineering Bay  
  78  6:25  Marine  
  79  6:35  Marine x2  
  81  6:52  Viking x2  
  83  6:54  Marine x3  
  86  7:04  Barracks Reactor  
  86  7:05  Barracks Reactor  
  86  7:12  Marine  
  87  7:16  SCV x2  
  87  7:20  Starport Reactor  
  89  7:28  Stimpack, Marine x2, Supply Depot  
  89  7:29  Supply Depot  
  91  7:30  SCV x2, Marine  
  91  7:31  Supply Depot  
  91  7:35  Refinery x2  
  94  7:43  Command Center  
  94  7:49  Marine  
  94  7:50  Marine x5  
  94  7:51  Marine  
  101  7:54  SCV  
  102  8:00  Sensor Tower  
  102  8:01  Viking  
  104  8:07  Marine x2  
  106  8:18  Marine x2  
  106  8:19  Marine x3  
  111  8:43  Marine  
  111  8:44  Marine x3  
  111  8:47  Marine x3  
  118  8:49  Liberator  
  97  9:04  Marine x4  
  97  9:05  Siege Tank, Marine  
  97  9:07  Viking x2  
  97  9:08  Viking  
  113  9:12  Orbital Command  
  113  9:13  SCV x2  
  115  9:18  Marine  
  116  9:27  Terran Infantry Armor Level 1, Supply Depot  
  116  9:29  Supply Depot  
  116  9:30  Armory  
  116  9:36  SCV x2  
  118  9:38  SCV  
  118  9:43  Missile Turret  
  118  9:44  Missile Turret  
  119  9:47  Missile Turret  
  119  9:48  SCV x2, Marine x3  
  124  9:53  Marine x3  
  124  9:54  Marine  
  128  10:05  Siege Tank, Viking  
  128  10:06  Marine x3  
  136  10:08  Viking  
  136  10:11  Viking  
  140  10:17  Marine x4  
  140  10:19  SCV x2  
  146  10:23  Marine  
  146  10:24  Marine x2, Missile Turret  
  149  10:30  Barracks  
  149  10:44  Supply Depot  
  149  10:46  Supply Depot x2  
  149  11:06  Marine x6, Viking  
  149  11:07  Marine, Viking x2  
  149  11:08  Siege Tank, Supply Depot  
  149  11:09  Refinery  
  149  11:10  Refinery, Viking  
  167  11:12  Supply Depot  
  166  11:23  Marine x2  
  166  11:36  Viking  
  166  11:39  Widow Mine  
  166  11:49  Combat Shields  
  166  11:55  Starport Tech Lab  
  166  11:56  Starport  
  166  11:58  Starport  
  166  12:06  Medivac  
  166  12:08  Widow Mine  
  169  12:17  Viking  
  163  12:56  Medivac x2, Raven  
  163  12:57  Marine, Command Center  
  163  12:58  Marine x6  
  173  13:00  Missile Turret  
  173  13:02  Missile Turret  
  176  13:12  Barracks  
  176  13:14  Barracks  
  176  13:16  Missile Turret  
  176  13:17  Missile Turret  
  176  13:18  Supply Depot  
  176  13:19  Supply Depot, Command Center  
  176  13:21  Sensor Tower  
  176  13:24  Barracks Reactor  
  176  13:25  Marine x3  
  176  13:26  Marine  
  180  13:29  Medivac  
  182  13:37  Missile Turret  
  170  14:04  Marine x5  
  170  14:05  Marine x2, Barracks Reactor x2  
  170  14:11  Viking x3  
  170  14:14  Marine x2  
  171  14:25  Marine x7  
  178  14:37  Marine x2  
  176  14:42  Marine  
  168  14:52  Viking x3  
  170  14:54  Marine x4  
  171  15:01  Marine x3  
  171  15:02  Marine  
  171  15:04  SCV  
  176  15:10  Marine  
  175  15:23  Liberator  
  164  15:35  Marine x6  
  167  15:36  Marine x4  
  167  15:39  Siege Tank  
  167  15:41  Raven  
  182  15:44  Marine  
  183  15:55  Marine x6  
  183  15:56  Marine  
  190  16:08  Planetary Fortress  
  128  16:47  Marine x6  
  128  16:48  Liberator, Marine x4  
  126  17:03  Marine x3  
  126  17:04  Marine x2, Siege Tank  
  133  17:15  Marine x4  
  122  17:16  Marine x2  
  122  17:17  Viking x2  
  122  17:27  Marine  
  122  17:28  Marine x6  
  125  17:30  Terran Infantry Armor Level 2, Terran Infantry Weapons Level 2  
  125  17:35  Starport Reactor  
  125  17:36  Corvid Reactor  
  125  17:42  Planetary Fortress  
  125  17:45  Viking  
  125  17:47  Viking  
  125  17:49  Refinery x2  
  129  17:54  SCV  
  129  17:56  Starport  
  129  17:57  Starport x2  
  119  18:08  Marine x2  
  112  18:16  Viking x3  
  118  18:22  Marine x4  
  122  18:28  Marine x3  
  125  18:44  Starport Tech Lab  
  125  18:45  Starport Tech Lab  
  125  18:46  Starport Tech Lab  
  112  19:04  Viking x3  
  112  19:05  Viking x4, Raven x3  
  116  19:26  Marine x3  
  116  19:27  Marine x5  
  119  19:34  Viking  
  119  19:35  Raven  
  102  19:48  Raven x2  
  102  19:50  Raven  
  102  19:52  Viking  
  110  20:02  Viking x2  
  114  20:11  Refinery  
  114  20:13  Refinery  
  114  20:14  Sensor Tower  
  114  20:15  Marine x4  
  114  20:16  Marine x9  
  114  20:18  Terran Infantry Weapons Level 3  
  127  20:27  Explosive Shrapnel Shells  
  127  20:33  Marine x2  
  129  20:46  Marine  
  130  20:51  Missile Turret  
  130  20:52  Command Center  
  130  20:53  Missile Turret  
  128  21:13  Missile Turret  
  124  21:35  Marine x2  
  124  21:36  Marine x8  
  124  21:37  Viking x2  
  124  21:38  Viking, Raven  
  119  21:50  Marine x3  
  119  21:53  Marine x2  
  124  21:57  Raven  
  124  21:58  Raven  
  124  21:59  Raven  
  130  22:23  Marine x5  
  135  22:30  Marine x6  
  135  22:31  Marine  
  135  22:32  Raven  
  144  22:40  Raven  
  146  22:51  Terran Vehicle And Ship Armor Level 1  
  146  22:53  Armory  
  146  22:58  Marine x3  
  133  23:09  Refinery  
  133  23:12  Refinery  
  96  23:18  Marine x6  
  96  23:19  Marine x3  
  95  23:28  Marine x2  
  96  23:36  Marine x4  
  98  23:42  Raven x2  
  98  23:43  Raven  
  90  24:13  Marine x5  
  90  24:14  Marine x2  
  97  24:30  Marine  
  97  24:31  Marine  
Show
View Real Time Build Order
Export as new Build Order

Desynapsor Terran - Winner!

Build Orders:  

Get SALT Encoding   

  12  0:01  SCV  
  13  0:13  SCV  
  14  0:20  Supply Depot  
  14  0:25  SCV  
  15  0:43  Barracks  
  15  0:45  SCV  
  16  0:50  Refinery  
  16  0:57  SCV  
  16  0:59  Supply Depot  
  17  1:09  SCV  
  17  1:10  Refinery  
  18  1:21  SCV  
  19  1:30  Marine  
  20  1:36  Orbital Command  
  20  1:47  Marine  
  21  2:05  SCV  
  22  2:11  Marine  
  22  2:12  Factory  
  23  2:17  SCV  
  24  2:29  SCV  
  25  2:37  Command Center  
  25  2:38  Marine  
  25  2:41  SCV  
  27  2:53  SCV  
  27  2:55  Factory Tech Lab  
  27  2:56  Supply Depot  
  28  3:01  Marine  
  29  3:05  SCV  
  29  3:09  Starport  
  30  3:18  SCV  
  30  3:19  Siege Tank, Marine  
  35  3:31  Factory  
  35  3:37  SCV  
  35  3:39  Starport  
  36  3:50  Viking  
  36  3:54  Refinery  
  38  4:02  Marine  
  39  4:03  SCV  
  39  4:08  Siege Tank  
  43  4:14  Engineering Bay  
  43  4:16  SCV  
  44  4:23  Refinery  
  44  4:24  Supply Depot  
  44  4:27  SCV  
  45  4:34  Starport Tech Lab  
  45  4:35  Starport Reactor  
  45  4:41  SCV x2  
  47  4:46  Factory Tech Lab  
  47  4:50  Supply Depot  
  47  4:56  SCV, Missile Turret  
  47  4:57  SCV  
  49  5:07  Viking  
  49  5:09  SCV, Barracks Tech Lab  
  52  5:20  Orbital Command  
  52  5:22  SCV  
  53  5:29  Marine  
  53  5:30  Combat Shields  
  53  5:38  Siege Tank  
  56  5:46  Marine  
  56  5:48  Missile Turret  
  57  5:50  Missile Turret  
  57  5:55  Viking x2  
  61  6:03  Viking  
  63  6:06  Widow Mine  
  63  6:08  SCV  
  66  6:16  Supply Depot  
  66  6:19  Missile Turret  
  66  6:23  Marine  
  67  6:26  Siege Tank  
  70  6:38  SCV x2  
  70  6:39  Supply Depot  
  68  6:52  Banshee  
  68  6:53  Viking x2  
  72  6:59  Siege Tank x2  
  72  7:00  Marine  
  79  7:08  Armory  
  79  7:31  Command Center  
  79  7:36  Cloaking Field  
  79  7:37  Missile Turret  
  79  7:39  SCV x2  
  81  8:02  Banshee, Viking x2  
  81  8:03  SCV x2  
  90  8:12  Missile Turret  
  90  8:15  Siege Tank  
  90  8:16  Missile Turret  
  93  8:22  Missile Turret  
  93  8:25  Supply Depot  
  93  8:27  Terran Ship Weapons Level 1  
  93  8:30  Terran Infantry Weapons Level 1  
  93  8:33  Siege Tank  
  96  8:42  Viking x2  
  95  8:59  Planetary Fortress  
  91  9:05  Banshee  
  91  9:09  SCV x2  
  91  9:11  Siege Tank x2  
  91  9:15  Missile Turret  
  97  9:32  SCV x2  
  97  9:36  Viking x2  
  103  9:38  SCV  
  103  9:44  SCV x2  
  106  9:48  Banshee  
  106  9:51  SCV  
  110  10:01  Siege Tank x2  
  116  10:07  Armory  
  116  10:10  SCV x2  
  118  10:14  Refinery  
  118  10:15  Refinery  
  118  10:21  Terran Vehicle Weapons Level 1  
  118  10:24  Marauder  
  120  10:33  Banshee  
  120  10:34  Viking  
  125  10:46  Liberator  
  125  10:58  Viking  
  124  11:10  Fusion Core  
  124  11:11  Terran Ship Weapons Level 2  
  118  11:26  Siege Tank  
  109  11:42  Viking x2  
  109  11:46  Viking  
  115  11:54  SCV x3  
  118  12:06  SCV  
  119  12:12  Viking x2  
  123  12:16  Viking  
  125  12:41  Command Center  
  125  12:42  Command Center x2  
  125  12:46  Missile Turret  
  125  12:47  Missile Turret x2  
  125  12:52  Command Center  
  125  13:10  Terran Vehicle Weapons Level 2  
  125  13:19  Refinery  
  125  13:21  Refinery  
  125  13:27  Terran Vehicle And Ship Armor Level 1  
  122  13:48  SCV x3  
  122  13:52  Siege Tank x2  
  131  13:56  Viking x2  
  131  14:00  SCV x3  
  122  14:12  SCV x2, Viking  
  126  14:17  Orbital Command  
  126  14:24  Siege Tank x2, Planetary Fortress  
  126  14:26  Viking x2  
  126  14:29  Missile Turret  
  126  14:31  Planetary Fortress  
  136  14:42  Viking  
  138  14:48  Missile Turret  
  136  14:56  Viking  
  137  15:01  Siege Tank x2  
  137  15:02  SCV x3  
  146  15:08  Missile Turret  
  146  15:10  Missile Turret x2  
  146  15:13  Missile Turret  
  146  15:18  Command Center  
  141  15:29  Command Center  
  141  15:33  Battlecruiser, Viking  
  141  15:34  Viking  
  141  15:35  SCV  
  155  15:40  Terran Ship Weapons Level 3  
  155  15:42  Terran Vehicle Weapons Level 3  
  152  16:03  Viking  
  154  16:05  Planetary Fortress  
  154  16:13  Command Center  
  154  16:20  Viking  
  138  17:18  Siege Tank x2  
  138  17:20  Planetary Fortress  
  136  17:28  SCV x2  
  136  17:29  SCV x2  
  140  17:42  Battlecruiser, Viking x2  
  150  17:48  Weapon Refit  
  150  17:54  Siege Tank x2  
  151  18:10  Planetary Fortress  
  148  18:17  Terran Vehicle And Ship Armor Level 2  
  148  18:26  Siege Tank  
  151  18:28  Marauder  
  153  18:34  Terran Infantry Armor Level 1  
  153  18:44  Barracks  
  153  18:45  Barracks x2  
  153  18:47  Barracks  
  153  18:50  Marauder  
  155  19:11  Marauder  
  157  19:32  Marauder  
  145  19:39  Viking  
  145  19:40  Battlecruiser  
  145  19:41  Viking  
  153  19:46  SCV  
  153  19:47  SCV x3  
  157  19:54  Marauder  
  159  20:09  Viking  
  159  20:11  Viking  
  163  20:18  Refinery  
  163  20:19  Refinery  
  163  20:28  Command Center  
  163  20:29  Missile Turret  
  163  20:30  Missile Turret, Command Center  
  163  20:37  Missile Turret  
  163  20:39  Viking  
  163  20:41  Viking  
  167  20:43  Thor x2  
  167  20:44  Viking  
  179  21:09  Viking  
  179  21:11  Viking  
  169  21:15  Barracks Tech Lab x2  
  169  21:16  Barracks Reactor  
  167  21:26  Thor  
  167  21:32  Viking  
  163  21:34  Marine x4  
  163  21:39  Viking  
  167  21:50  Viking  
  167  21:52  Marine x4  
  167  21:53  Marine x2  
  175  22:02  Viking  
  175  22:03  Refinery  
  175  22:05  Orbital Command  
  175  22:06  Planetary Fortress  
  177  22:09  Viking  
  177  22:10  Marine x5  
  177  22:11  Marine  
  182  22:16  Refinery, Command Center  
  182  22:21  Viking  
  178  22:26  Starport  
  178  22:27  Marine  
  178  22:29  Starport  
  178  22:33  Marine x3  
  178  22:34  Marine x2  
  183  22:45  Marine, Terran Infantry Weapons Level 2  
  183  22:51  Marine x2  
  183  23:12  Marine x3  
  172  23:13  Marine x3  
  174  23:30  Marine x3  
  177  23:36  Starport Reactor  
  177  23:38  Starport Tech Lab  
  177  23:39  Viking x3  
  177  23:41  Thor x2  
  195  23:53  Marine x2  
  195  23:54  Marine x3  
  200  24:00  Engineering Bay  
Tags
 
Add a new tag
Caveats
  • Supply blocks, unpowered buildings, or Contaminate may cause inaccurate times.
  • Supply counts are checked every 10 seconds.